 Dungeon Crawl Stone Soup version 0.32-a0-791-gfc315c9ecd (webtiles) character file.

Game seed: 6539313991745003436

535 Dirtsage the Chiller (level 7, 21/46 HPs)
             Began as a Demonspawn Ice Elementalist on Mar 20, 2024.
             Quit the game on level 4 of the Dungeon.
             The game lasted 00:09:45 (3107 turns).

Dirtsage the Chiller (Demonspawn Ice Elementalist)  Turns: 3107, Time: 00:09:45

Health: 21/46      AC:  9    Str:  8    XL:     7   Next: 4%
Magic:  6/10       EV: 11    Int: 18    God:
Gold:   105        SH:  0    Dex: 13    Spells: 3/10 levels left

rFire   . . .        h - +2 whip (elec)
rCold   . . .        (no shield)
rNeg    . . .        a - +0 robe
rPois   .            (no helmet)
rElec   .            (no cloak)
rCorr   .            p - +0 pair of gloves
SInv    .            (no boots)
Will    .....        (no amulet)
Stlth   ++           (no ring)
HPRegen 0.27/turn    (no ring)
MPRegen 0.12/turn

%: no passive effects
@: sanguine armoured
A: spiny 1, sanguine armour 1, demonic magic 1, demonic touch 2
a: no special abilities


You were on level 4 of the Dungeon.
You visited 1 branch of the dungeon, and saw 4 of its levels.

You collected 105 gold pieces.

Inventory:

Hand Weapons
 g - a +0 dagger
 h - a +2 whip of electrocution (weapon)
Armour
 a - a +0 robe (worn)
 p - a +0 pair of gloves (worn)
 r - a +0 helmet
Scrolls
 b - 2 scrolls of immolation {unknown}
 c - 2 scrolls of butterflies {unknown}
 f - a scroll of torment {unknown}
 i - 2 scrolls of identify {unknown}
 j - 2 scrolls of revelation {unknown}
 k - 3 scrolls of teleportation {unknown}
 m - 2 scrolls of enchant armour {unknown}
 o - 3 scrolls of fear {unknown}
 t - a scroll of blinking {unknown}
 u - a scroll of noise {unknown}
 v - 3 scrolls of poison {unknown}
 w - a scroll of amnesia {unknown}
Potions
 d - a potion of might
 l - a potion of heal wounds
 q - a potion of curing


   Skills:
 - Level 1.7 Dodging
 - Level 1.7 Stealth
 - Level 2.0 Spellcasting
 + Level 7.8 Ice Magic


You had 3 spell levels left.
You knew the following spells:

 Your Spells              Type           Power      Damage    Failure   Level
a - Freeze                Ice            100%       1d10      1%          1
b - Frozen Ramparts       Ice            60%        1d10      2%          3
c - Summon Ice Beast      Ice/Summ       15%        N/A       11%         3

Your spell library contained the following spells:

 Spells                   Type           Power      Damage    Failure   Level
 Ozocubu's Armour         Ice            30%        N/A       2%          3
 Call Canine Familiar     Summ           1%         N/A       47%         3
 Sigil of Binding         Hex            1%         N/A       47%         3
 Dimensional Bullseye     Hex/Tloc       0%         N/A       87%         4


Dungeon Overview and Level Annotations

Branches:
Dungeon (4/15)
 Temple: D:4-7

Altars:
Hepliaklqana

Shops:
D:2 =   D:4 [


Innate Abilities, Weirdness & Mutations

You are partially covered in sharp spines.
When seriously injured, your blood forms armour. (AC +6)
Spells you cast may paralyse adjacent enemies.
Your touch may inflict irresistible damage on your foes.


Message History

You hit the hobgoblin.
Lightning courses through the hobgoblin!
You kill the hobgoblin!
There is a stone staircase leading down here.
A water moccasin comes into view.
The water moccasin hisses angrily.
Casting: Summon Ice Beast (dangerous; 12% risk of failure)
Confirm with . or Enter, or press ? or * to list all spells.
A chill wind blows around you.
You now have 6/9 mp.
You hit the water moccasin but do no damage.
The water moccasin barely misses you.
Your ice beast hits the water moccasin but does no damage.
The water moccasin bites you but does no damage.
You miss the water moccasin.
You touch the water moccasin!
The water moccasin is moderately wounded.
The water moccasin bites you!
Your ice beast closely misses the water moccasin.
You take 7 damage, and have 34/41 hp.
You hit the water moccasin.
Lightning courses through the water moccasin!
Your touch misses the water moccasin.
The water moccasin is almost dead.
The water moccasin bites you!
Your ice beast barely misses the water moccasin.
The water moccasin bites you.
Your blood congeals into armour.
You take 9 damage, and have 25/41 hp.
MASSIVE DAMAGE!!
You closely miss the water moccasin.
The water moccasin is almost dead.
The water moccasin bites you!
Your ice beast closely misses the water moccasin.
You take 7 damage, and have 18/41 hp.
You hit the water moccasin.
You kill the water moccasin!
You have reached level 7!
Your demonic ancestry asserts itself...
A menacing aura infuses your magic.
You regained 3 hp, and now have 21/46 hp.
Unknown command.
Are you sure you want to abandon this character and quit the game? (Confirm with "yes".)

##.....# #......# ###
##.))...# ....###
#...)...# #.....
#.#)....# #..#.
#.#...(.# #...##
####.#.....#
#..†####....#.....#
#.@Y....##########
######...#
#........###########
...####.............#
#..>.....[......#
#.##............#
#.##............#
#.##............#
#.##............#


You could see a friendly ice beast (summoned).

Vanquished Creatures
  A water moccasin (D:4)
  2 killer bees (D:4)
  A bombardier beetle (D:4)
  An orc priest (D:4)
  An iguana (D:3)
  An orc wizard (D:4)
  Robin (D:3)
  4 adders
  A ribbon worm (D:2)
  3 dart slugs
  3 orcs (D:4)
  5 ball pythons
  10 endoplasms
  2 giant cockroaches (D:2)
  19 goblins
  9 hobgoblins
  4 jackals (D:3)
  4 quokkas
  4 bats
  3 frilled lizards
  9 kobolds
  4 rats
92 creatures vanquished.

Vanquished Creatures (collateral kills)
  A killer bee (D:4)
  An orc wizard (D:4)
  3 orcs (D:4)
5 creatures vanquished.

Grand Total: 97 creatures vanquished

Notes
Turn   | Place    | Note
-------+----------+-------------------------------------------
     0 | D:1      | Dirtsage the Demonspawn Ice Elementalist began the quest
                  | for the Orb.
     0 | D:1      | Reached XP level 1. HP: 13/13 MP: 3/3
   147 | D:1      | Reached skill level 4 in Ice Magic
   203 | D:1      | Gained mutation: Your touch may inflict minor irresistible
                  | damage on your foes. [demonic ancestry]
   203 | D:1      | Reached XP level 2. HP: 9/19 MP: 0/5
   917 | D:2      | Found Ufuoli Edint's Jewellery Shop.
   942 | D:2      | You fall into a shaft and drop 1 floor!
   965 | D:3      | Gained mutation: Your touch may inflict irresistible damage
                  | on your foes. [demonic ancestry]
   965 | D:3      | Reached XP level 3. HP: 24/24 MP: 6/6
   989 | D:3      | Found a faded altar of an unknown god.
  1053 | D:3      | Reached skill level 5 in Ice Magic
  1105 | D:3      | Gained mutation: You are partially covered in sharp spines.
                  | [demonic ancestry]
  1105 | D:3      | Reached XP level 4. HP: 22/30 MP: 3/7
  1184 | D:3      | Noticed Robin
  1198 | D:3      | Found a hazy altar of Hepliaklqana.
  1207 | D:3      | Killed Robin
  1228 | D:3      | Learned a level 3 spell: Frozen Ramparts
  2481 | D:4      | Gained mutation: When seriously injured, your blood forms
                  | armour. (AC +6) [demonic ancestry]
  2481 | D:4      | Reached XP level 5. HP: 35/35 MP: 8/8
  2521 | D:4      | Noticed an ogre
  2562 | D:4      | Learned a level 3 spell: Summon Ice Beast
  2612 | D:4      | Reached skill level 6 in Ice Magic
  2708 | D:4      | Reached XP level 6. HP: 26/41 MP: 1/9
  2709 | D:4      | Reached skill level 7 in Ice Magic
  2907 | D:4      | Found Miuggurosa's Antique Armour Boutique.
  3100 | D:4      | Noticed a water moccasin
  3106 | D:4      | Killed a water moccasin
  3107 | D:4      | Gained mutation: Spells you cast may paralyse adjacent
                  | enemies. [demonic ancestry]
  3107 | D:4      | Reached XP level 7. HP: 21/46 MP: 6/10
  3107 | D:4      | Quit the game

Illustrated notes

Levels and vault maps discovered:
D:1:      dpeg_arrival_simpleton_c, layout_basic, chequers_decorated_corner
D:2:      layout_loops_corners, serial_shops, shop, minmay_misc_feat_square,
          amcnicky_mini_corridor_feature, patterned_corridor
D:3:      layout_rooms, mainiacjoe_overflow_alcove_2,
          shapermc_ecumenical_altar_ellora, uniq_robin
D:4:      layout_basic, lemuel_temple_firewalk_b, serial_shops, shop,
          kennysheep_small_spiral

Skill      XL: |  1  2  3  4  5  6 |
---------------+-------------------+-----
Ice Magic      | 4 5 6 7 |  7.8
Dodging        | |  1.7
Stealth        | |  1.7
Spellcasting   | |  2.0

Action                     |  1- 3 |  4- 6 |  7- 9 || total
---------------------------+-------+-------+-------++-------
  Melee: Unarmed           |     4 |       |       ||     4
         Whip              |    35 |    92 |       ||   127
         Touch             |     6 |    11 |       ||    17
   Cast: Freeze            |    22 |     4 |       ||    26
         Frozen Ramparts   |       |     2 |       ||     2
         Summon Ice Beast  |       |     4 |       ||     4
    Use: Potion            |       |     6 |       ||     6
   Stab: Sleeping          |       |     4 |       ||     4
 Armour: Robe              |    27 |    54 |       ||    81
  Dodge: Dodged            |    25 |    57 |       ||    82

Table legend: (Time is in decaauts)
 A = Elapsed time spent in this place.
 B = Non-inter-level travel time spent in this place.
 C = Inter-level travel time spent in this place.
 D = Time resting spent in this place.
 E = Time spent auto-exploring this place.
 F = Levels seen in this place.
 G = Mean time per level.
                   A        B        C        D        E       F      G
               +--------+--------+--------+--------+--------+-----+--------+
         Total |   3119 |   2994 |    125 |     35 |   2397 |   4 |  779.8 |
       Dungeon |   3119 |   2994 |    125 |     35 |   2397 |   4 |  779.8 |
               +--------+--------+--------+--------+--------+-----+--------+

Top non-repeatable levels by time:
     D:2: 907 daAuts
     D:1: 904 daAuts
     D:3: 709 daAuts
     D:4: 598 daAuts
